 Dungeon Crawl Stone Soup version 0.30.0-29-ga12c61a403 (webtiles) character file.

Game seed: 7791354797589777695

96 qw the Chopper (level 4, -2/28 HPs)
             Began as a Gargoyle Fighter on June 4, 2023.
             Killed by divine providence
             ... invoked by an orc priest
              (15 damage)
             ... on level 3 of the Dungeon.
             The game lasted 00:01:02 (2054 turns).

qw the Chopper (Gargoyle Fighter)                   Turns: 2054, Time: 00:01:02

Health: -2/28      AC: 10    Str: 22    XL:     4   Next: 67%
Magic:  4/4        EV:  9    Int:  8    God:
Gold:   76         SH:  4    Dex:  9    Spells: 3/3 levels left

rFire   . . .        Y - +0 war axe
rCold   . . .        c - +0 buckler
rNeg    + . .        b - +0 scale mail
rPois   inf          (no helmet)
rElec   +            (no cloak)
rCorr   .            (no gloves)
SInv    .            (no boots)
Will    .....        (no amulet) Stlth
                     (no ring)
HPRegen 0.24/turn    (no ring)
MPRegen 0.09/turn

%: no passive effects
@: no status effects
A: sickness immunity, AC +3, negative energy resistance 1, electricity
resistance, torment resistance 1, petrification resistance
a: no special abilities


You were on level 3 of the Dungeon.
You visited 1 branch of the dungeon, and saw 3 of its levels.

You collected 76 gold pieces.


Innate Abilities, Weirdness & Mutations

You are immune to sickness and miasma.
Your stone body is resilient. (AC +3)
You are immune to poison.
You resist negative energy. (rN+)
You are resistant to electric shocks. (rElec)
You are resistant to unholy torment.
You are immune to petrification.


   Skills:
 - Level 3.2 Fighting
 + Level 4.3 Axes
 - Level 3.2 Armour
 - Level 3.2 Shields


You had 3 spell levels left.
You didn't know any spells.
Your spell library was empty.

Inventory:

Hand Weapons
 k - a +0 flail
 Y - a +0 war axe (weapon)
Armour
 a - the +0 hat "Aharph" {+Inv rCorr Str+3 Dex-5}
   (You acquired it on level 2 of the Dungeon)

   Str:       It affects your strength (+3).
   Dex:       It affects your dexterity (-5).
   +Inv:      It lets you turn invisible.
   rCorr:     It protects you from acid and corrosion.
 b - a +0 scale mail (worn)
 c - a +0 buckler (worn)
 h - a +0 pair of boots
Scrolls
 f - a scroll of teleportation {unknown}
 i - a scroll of identify
Potions
 d - a potion of might
 g - a potion of degeneration {unknown}
 j - a potion of haste {unknown}
 l - a potion of curing {unknown}

Dungeon Overview and Level Annotations

Branches:
Dungeon (3/15)

Altars:
Cheibriados
Qazlal
The Shining One

Annotations:
D:3 Sigmund


Message History

Enter note:
Enter note:
Enter note:
Enter note:
Enter note: Sigmund closely misses you.
An endoplasm comes into view.
The endoplasm quivers.
You block Sigmund's attack.
Enter note:
Enter note:
Enter note:
Enter note:
Enter note:
Enter note: You hit Sigmund.
Sigmund is lightly wounded.
You slash the orc priest!
The orc priest mumbles some strange prayers to Beogh against you.
Pain shoots through your body! Sigmund hits you but does no damage.
The orc priest hits you with a +0 mace.
You barely miss the orc priest.
The orc priest is heavily wounded.
You hit Sigmund.
The orc priest looks satisfied for a moment.
Sigmund gestures wildly while chanting.
Sigmund flickers and vanishes!
Deactivating autopickup; reactivate with Ctrl-A.
You hit the orc priest but do no damage.
The orc priest is heavily wounded.
You barely miss something.
The orc priest calls down the wrath of Beogh upon you.
Pain shoots through your body! You block something's attack.
You closely miss the orc priest.
The orc priest is heavily wounded.
You closely miss something.
The orc priest calls down the wrath of Beogh upon you.
Beogh smites you!
Ouch! That really hurt!
You die...

#.### #.#
####. ####.#
##.# #...
#....## ...#
#...
##..%.#?####
#...
####..#.#####
#...
#.......>....
#...
#..))...######
#...
#....=..##
#.##...
#..@.....#
##...#.)
###{o###...
........ .J##
##########..
...# ### .>...
# ...... #
....... #
.......## # .


You could see an orc priest and an endoplasm.

Vanquished Creatures
  2 adders (D:2)
  2 worms (D:2)
  A dart slug (D:1)
  5 orcs (D:3)
  6 bats
  4 endoplasms
  6 giant cockroaches
  8 goblins
  3 hobgoblins
  3 jackals (D:2)
  3 quokkas
  6 ball pythons
  2 frilled lizards
  2 kobolds (D:2)
  3 rats (D:1)
56 creatures vanquished.

Notes
Turn   | Place    | Note
-------+----------+-------------------------------------------
     0 | D:1      | qw the Gargoyle Fighter began the quest for the Orb.
     0 | D:1      | Reached XP level 1. HP: 14/14 MP: 1/1
     0 | D:1      | 0 ||| qw: Version: 0.2-a-107-g4668610
     0 | D:1      | 0 ||| qw: Game counter: 1202
     0 | D:1      | 0 ||| qw: Always use a shield: true
     0 | D:1      | 0 ||| qw: God list: Okawaru
     0 | D:1      | 0 ||| qw: Allow faded altars: false
     0 | D:1      | 0 ||| qw: Do Orc after D:15 true
     0 | D:1      | 0 ||| qw: Do second Lair branch before Depths: true
     0 | D:1      | 0 ||| qw: Lair rune preference: random
     0 | D:1      | 0 ||| qw: Plans: Normal, Zot:1-4, Slime:5, God:TSO, Crypt,
                  | Tomb, Abyss, Pan, Hells, Win
     0 | D:1      | 0 ||| PLANNING D:1-11
    38 | D:1      | 38 ||| Stepping ~*~*~tactically~*~*~ (hiding).
    47 | D:1      | Reached skill level 2 in Axes
   191 | D:1      | 191 ||| Stepping ~*~*~tactically~*~*~ (stealth).
   197 | D:1      | Reached XP level 2. HP: 19/19 MP: 2/2
  1111 | D:1      | 1111 ||| READING scroll labelled BUIWUN WALLI.
  1112 | D:1      | 1112 ||| READING scroll labelled FEZOFACKOD.
  1113 | D:1      | 1113 ||| READING scroll labelled FUMIGEPSONKY.
  1114 | D:1      | 1114 ||| READING scroll labelled PUGROHEOCA.
  1115 | D:1      | 1115 ||| READING scroll labelled NUTHOPNEZEPN.
  1116 | D:1      | 1116 ||| DRINKING 2 fuming yellow potions.
  1124 | D:1      | 1124 ||| DROPPING potion of ambrosia.
  1160 | D:2      | 1160 ||| FLEEEEING.
  1161 | D:2      | 1161 ||| STAIRDANCE
  1173 | D:2      | 1173 ||| STAIRDANCE
  1185 | D:2      | Reached skill level 3 in Axes
  1193 | D:2      | Reached XP level 3. HP: 18/23 MP: 3/3
  1211 | D:2      | 1211 ||| FLEEEEING.
  1212 | D:2      | 1212 ||| FLEEEEING.
  1217 | D:2      | 1217 ||| STAIRDANCE
  1413 | D:2      | Reached XP level 4. HP: 28/28 MP: 4/4
  1703 | D:2      | 1703 ||| READING scroll labelled TENUIQAIXO.
  1704 | D:2      | 1704 ||| READING scroll labelled AKLELU LOZXYGG.
  1705 | D:2      | 1705 ||| READING scroll labelled TASE GIOSTOUS.
  1705 | D:2      | Identified a scroll of acquirement
  1705 | D:2      | 1705 ||| ACQUIRING +0 hat "Aharph" {+Inv rCorr Str+3 Dex-5}
  1705 | D:2      | Acquired the +0 hat "Aharph" {+Inv rCorr Str+3 Dex-5}
  1727 | D:3      | Reached skill level 4 in Axes
  1865 | D:3      | 1865 ||| Stepping ~*~*~tactically~*~*~ (stealth).
  1881 | D:3      | 1881 ||| Stepping ~*~*~tactically~*~*~ (stealth).
  1941 | D:3      | 1941 ||| DROPPING +0 whip.
  1979 | D:3      | Found a stormy altar of Qazlal.
  1985 | D:3      | Found a snail-covered altar of Cheibriados.
  1990 | D:3      | Found a glowing golden altar of the Shining One.
  2035 | D:3      | 2035 ||| Stepping ~*~*~tactically~*~*~ (stealth).
  2044 | D:3      | Noticed Sigmund
  2045 | D:3      | 2045 ||| Stepping ~*~*~tactically~*~*~ (hiding).
  2054 | D:3      | Killed from afar by an orc priest

Levels and vault maps discovered:
D:1:      kennysheep_arrival_forest, layout_basic, hex_medium
D:2:      layout_rooms
D:3:      layout_rooms, minmay_overflow_temple_star_quad, uniq_sigmund

Skill      XL: |  1  2  3  4 |
---------------+-------------+-----
Axes           | 2 3 4 |  4.3
Fighting       | |  3.2
Armour         | |  3.2
Shields        | |  3.2

Action                     |  1- 3 |  4- 6 || total
---------------------------+-------+-------++-------
  Melee: War axe           |    69 |    51 ||   120
    Use: Scroll            |     5 |     3 ||     8
         Potion            |     1 |       ||     1
 Armour: Scale mail        |    31 |    22 ||    53
  Dodge: Dodged            |    24 |    16 ||    40
  Block: Buckler           |    16 |    10 ||    26

Table legend:
 A = Non-vault XP
 B = Vault XP
 C = Vault XP percentage of total XP
 D = Non-vault monster count
 E = Vault monster count
 F = Vault count percentage of total count
                 A         B        C        D         E       F
            +---------+---------+-------+---------+---------+-------
      Total |     138 |       0 |   0.0 |      56 |       0 |   0.0
            +---------+---------+-------+---------+---------+-------
        D:1 |      27 |       0 |   0.0 |      15 |       0 |   0.0
        D:2 |      70 |       0 |   0.0 |      22 |       0 |   0.0
        D:3 |      41 |       0 |   0.0 |      19 |       0 |   0.0
            +---------+---------+-------+---------+---------+-------
